Map: Coda LE

Players

Minigun - Winner!

  • Race: Protoss Protoss
  • Spawn Location: 5:00

Pseudorandom

VOD

Have the link to the VOD?

Description

Time

  • Played on: April 1, 2015, 12:19 a.m.
  • Length: 11:57
Show
View Real Time Build Order
Export as new Build Order

Minigun Protoss - Winner!

Build Orders: Stalker Disruptor 

Get SALT Encoding   

  12  0:01  Probe  
  13  0:13  Probe  
  14  0:20  Pylon  
  14  0:38  Probe (Chrono Boost)  
  14  0:39  Gateway  
  16  0:50  Probe (Chrono Boost)  
  16  0:55  Assimilator  
  16  0:58  Probe (Chrono Boost)  
  16  1:00  Assimilator  
  17  1:06  Pylon  
  17  1:07  Probe  
  18  1:19  Probe  
  19  1:31  Cybernetics Core, Probe (Chrono Boost)  
  20  1:43  Probe (Chrono Boost)  
  21  1:50  Probe (Chrono Boost)  
  21  1:51  Zealot  
  24  2:00  Probe (Chrono Boost)  
  25  2:09  Warp Gate (Chrono Boost)  
  25  2:11  Pylon  
  25  2:13  Mothership Core (Chrono Boost)  
  27  2:17  Gateway  
  27  2:27  Probe  
  28  2:36  Sentry  
  30  2:42  Gateway  
  30  2:45  Pylon  
  29  2:59  Probe  
  30  3:16  Probe  
  30  3:17  Sentry x2  
  35  3:29  Nexus  
  35  3:34  Probe  
  36  3:41  Pylon  
  36  3:46  Probe (Chrono Boost)  
  37  3:58  Probe (Chrono Boost)  
  38  4:03  Forge  
  38  4:07  Probe (Chrono Boost)  
  38  4:08  Sentry  
  38  4:09  Sentry  
  43  4:15  Probe  
  43  4:16  Pylon  
  44  4:26  Robotics Facility  
  44  4:28  Probe  
  45  4:33  Adept x2  
  45  4:36  Adept  
  51  4:40  Protoss Ground Weapons Level 1  
  51  4:51  Probe (Chrono Boost)  
  53  4:54  Probe (Chrono Boost)  
  53  5:02  Probe (Chrono Boost)  
  53  5:05  Probe (Chrono Boost)  
  55  5:12  Probe (Chrono Boost)  
  57  5:14  Probe (Chrono Boost)  
  57  5:17  Observer (Chrono Boost)  
  59  5:23  Probe (Chrono Boost)  
  59  5:25  Probe (Chrono Boost)  
  60  5:29  Robotics Bay  
  58  5:38  Probe  
  57  5:49  Probe  
  58  5:51  Probe  
  58  5:53  Warp Prism (Chrono Boost)  
  61  5:58  Assimilator  
  61  5:59  Assimilator  
  61  6:01  Probe  
  62  6:06  Gateway  
  62  6:08  Gateway  
  62  6:10  Probe  
  62  6:11  Zealot x3  
  67  6:14  Probe  
  67  6:17  Pylon  
  70  6:28  Probe  
  70  6:30  Gravitic Drive  
  70  6:31  Probe  
  76  6:34  Disruptor (Chrono Boost)  
  76  6:35  Pylon  
  76  6:38  Pylon  
  76  6:40  Disruptor, Pylon  
  74  6:48  Pylon  
  74  6:50  Pylon  
  74  6:52  Mothership Core  
  74  6:53  Pylon  
  76  7:05  Zealot x3  
  84  7:08  Disruptor (Chrono Boost)  
  84  7:13  Disruptor  
  80  7:24  Nexus  
  80  7:27  Pylon  
  80  7:32  Probe  
  80  7:33  Probe, Pylon  
  80  7:34  Zealot x3  
  88  7:39  Disruptor  
  88  7:45  Twilight Council  
  88  7:54  Probe  
  88  7:56  Photon Cannon  
  88  7:57  Gateway  
  89  8:00  Gateway  
  89  8:01  Colossus (Chrono Boost), Disruptor  
  89  8:04  Extended Thermal Lance  
  95  8:14  Disruptor  
  95  8:21  Probe  
  95  8:23  Probe  
  95  8:26  Protoss Ground Weapons Level 2 (Chrono Boost)  
  95  8:27  Assimilator  
  97  8:28  Blink  
  97  8:31  Disruptor  
  97  8:32  Assimilator  
  97  8:34  Probe (Chrono Boost)  
  98  8:44  Colossus (Chrono Boost)  
  98  8:45  Probe (Chrono Boost)  
  98  8:48  Probe (Chrono Boost)  
  106  8:53  Disruptor  
  106  9:01  Probe  
  107  9:06  Disruptor  
  107  9:12  Probe (Chrono Boost)  
  109  9:19  Probe (Chrono Boost)  
  109  9:20  Observer (Chrono Boost)  
  109  9:23  Probe (Chrono Boost)  
  112  9:24  Probe (Chrono Boost)  
  112  9:31  Colossus (Chrono Boost)  
  112  9:35  Stalker x7  
  132  9:45  Disruptor  
  114  9:52  Probe (Chrono Boost)  
  112  9:58  Probe x2 (Chrono Boost)  
  113  10:00  Gateway  
  113  10:01  Gateway  
  113  10:02  Probe (Chrono Boost)  
  113  10:04  Gateway  
  113  10:06  Photon Cannon  
  114  10:10  Pylon  
  114  10:11  Stalker x2, Disruptor  
  114  10:12  Sentry x4  
  114  10:14  Nexus  
  126  10:16  Pylon  
  126  10:31  Colossus (Chrono Boost)  
  126  10:33  Stalker  
  134  10:39  Pylon  
  134  10:42  Photon Cannon  
  134  10:43  Photon Cannon  
  134  10:55  Probe x3  
  137  10:58  Pylon  
  137  11:08  Probe  
  138  11:17  Disruptor (Chrono Boost)  
  142  11:18  Disruptor  
  142  11:31  Robotics Facility  
  142  11:38  Stalker x8  
Show
View Real Time Build Order
Export as new Build Order

Pseudorandom Zerg 

Build Orders: Pool First, Lurkers 

Get SALT Encoding   

  12  0:01  Drone  
  13  0:08  Drone  
  14  0:15  Drone, Extractor  
  14  0:23  Overlord  
  14  0:41  Spawning Pool  
  13  0:43  Drone  
  13  0:47  Drone  
  15  0:52  Drone  
  15  0:56  Drone  
  17  1:05  Drone  
  18  1:30  Metabolic Boost  
  18  1:31  Queen  
  18  1:32  Zergling x4  
  22  1:51  Hatchery  
  21  1:58  Overlord  
  21  1:59  Drone  
  22  2:15  Overlord  
  22  2:16  Queen  
  24  2:26  Zergling x4  
  26  2:31  Drone  
  26  2:40  Drone x4  
  30  2:46  Drone  
  31  3:03  Extractor  
  31  3:04  Lair, Drone x2  
  32  3:12  Drone x4  
  36  3:16  Drone  
  36  3:27  Drone x3  
  39  3:37  Drone x2  
  41  3:44  Extractor  
  41  3:47  Overlord  
  41  3:48  Drone  
  41  3:51  Drone x2  
  43  4:05  Hydralisk Den  
  42  4:10  Overlord  
  42  4:11  Drone x3  
  42  4:13  Drone x2, Extractor  
  46  4:23  Evolution Chamber  
  45  4:25  Hatchery  
  45  4:26  Drone x3  
  47  4:38  Muscular Augments  
  47  4:39  Hydralisk x2  
  51  4:46  Hydralisk x2  
  51  4:50  Zerg Missile Weapons Level 1  
  55  4:54  Overlord  
  55  4:58  Hydralisk  
  56  5:00  Hydralisk  
  56  5:05  Hydralisk  
  60  5:08  Overlord  
  60  5:12  Hydralisk  
  62  5:20  Hydralisk x2  
  66  5:24  Zergling x2  
  66  5:25  Zergling x2  
  68  5:34  Hydralisk  
  68  5:35  Hydralisk  
  68  5:38  Zergling x12  
  70  5:47  Overlord  
  70  5:49  Hydralisk  
  66  5:50  Hydralisk  
  66  5:51  Lurker Den  
  68  5:57  Drone  
  68  5:58  Drone  
  68  5:59  Drone  
  71  6:07  Drone x2  
  71  6:09  Drone  
  71  6:10  Queen  
  76  6:18  Drone x2  
  77  6:28  Hydralisk x4  
  85  6:34  Overlord x2  
  83  6:49  Drone x3  
  83  6:51  Zerg Missile Weapons Level 2  
  83  6:53  Zergling x8  
  90  6:59  Overlord  
  90  7:00  Drone x2  
  92  7:01  Drone x2  
  92  7:02  Drone, Extractor  
  93  7:12  Zergling x8  
  94  7:20  Hydralisk x6  
  94  7:22  Drone  
  95  7:33  Zergling x14  
  95  7:34  Extractor  
  97  7:41  Overlord  
  97  7:43  Lurker x2  
  97  7:44  Lurker  
  100  7:45  Zergling x4  
  100  7:46  Zergling x2  
  103  7:55  Spine Crawler  
  103  7:56  Drone x3  
  103  7:57  Spore Crawler, Spine Crawler  
  103  8:02  Drone x3  
  103  8:05  Lurker x3  
  109  8:13  Hatchery  
  109  8:18  Drone x5  
  104  8:26  Spine Crawler  
  103  8:30  Drone x5  
  85  8:57  Hydralisk x2  
  85  8:58  Hydralisk x6  
  99  9:04  Hydralisk x2  
  97  9:16  Zerg Ground Armor Level 1  
  97  9:19  Drone  
  97  9:20  Drone x2  
  97  9:21  Drone x3  
  103  9:26  Drone x4  
  85  9:50  Drone x3  
  85  9:52  Drone x6  
  87  10:02  Overlord x2  
  87  10:04  Lurker  
  87  10:05  Lurker x7  
  95  10:08  Drone  
  95  10:09  Drone x4  
  95  10:26  Zergling x2  
  95  10:27  Zergling x18  
  105  10:33  Spore Crawler  
  104  10:36  Spine Crawler  
  104  10:38  Drone  
  97  10:56  Drone x4  
  97  10:57  Hatchery, Drone x5  
  104  10:58  Hydralisk  
  104  10:59  Hydralisk x4  
  114  11:16  Spine Crawler  
  105  11:19  Spine Crawler x2  
  100  11:25  Infestation Pit  
  100  11:26  Drone x5  
  100  11:27  Drone x4  
Tags
 
Add a new tag
Caveats
  • Supply blocks, unpowered buildings, or Contaminate may cause inaccurate times.
  • Supply counts are checked every 10 seconds.